 Dungeon Crawl Stone Soup version 0.30-a0-726-gd89dcf765f (webtiles) character file.

Game seed: 15754617705665895078

1040 scionoferis the Shooter (level 7, 0/52 HPs)
             Began as a Demigod Hexslinger on Jan 29, 2023.
             Engulfed by a steam dragon's steam (5 damage)
             ... on level 7 of the Dungeon.
             The game lasted 00:11:11 (5285 turns).

scionoferis the Shooter (Demigod Hexslinger)        Turns: 5285, Time: 00:11:12

Health: 0/52       AC:  3    Str: 11    XL:     7   Next: 74%
Magic:  11/11      EV: 15    Int: 15    God:
Gold:   92         SH:  0    Dex: 22    Spells: 7/8 levels left

rFire   . . .      SeeInvis +    a - +7 mace "Nec Fogh" {speed, Will++}
rCold   . . .      Faith    .    (no shield)
rNeg    . . .      Spirit   .    c - +0 robe
rPois   .          Reflect  .    p - +0 helmet
rElec   .          Harm     .    w - scarf {shadows}
rCorr   .          Rampage  .    (no gloves)
Will    ++...                    (no boots)
Stlth   +++                      (no amulet)
HPRegen 0.28/turn                D - ring of see invisible
MPRegen 0.12/turn                (no ring)

@: hasted, very quick
A: high MP 1, forlorn, divine attributes
a: no special abilities


You were on level 7 of the Dungeon.
You visited 1 branch of the dungeon, and saw 7 of its levels.

You collected 212 gold pieces.
You spent 120 gold pieces at shops.


Innate Abilities, Weirdness & Mutations

You have an increased reservoir of magic. (+10% MP)
You shall have no god before yourself.
Your divine heritage dramatically boosts your attributes as you level up.


   Skills:
 + Level 1.5 Fighting
 * Level 6.3 Ranged Weapons
 + Level 4.5 Dodging
 - Level 4.0 Stealth
 - Level 1.0 Spellcasting
 - Level 2.6 Hexes


You had 7 spell levels left.
You knew the following spells:

 Your Spells              Type           Power      Damage    Failure   Level
a - Slow                  Hex            32%        N/A       9%          1

Your spell library contained the following spells:

 Spells                   Type           Power      Damage    Failure   Level
 Foxfire                  Conj/Fire      0%         2x1d4     24%         1
 Inner Flame              Hex/Fire       4%         N/A       38%         3
 Portal Projectile        Hex/Tloc       8%         N/A       38%         3
 Cause Fear               Hex            4%         N/A       63%         4
 Fireball                 Conj/Fire      0%         3d3       100%        5
 Starburst                Conj/Fire      0%         6d3       100%        6

Inventory:

Hand Weapons
 a - the +7 mace "Nec Fogh" (weapon) {speed, Will++}
   (You found it on level 3 of the Dungeon)

   Will:      It greatly increases your willpower.
 b - a +1 sling
Missiles
 o - 2 boomerangs
 y - 5 poisoned darts (quivered)
Armour
 c - a +0 robe (worn)
 p - a +0 helmet (worn)
   (You found it on level 3 of the Dungeon)
 w - a scarf of shadows (worn)
   (You found it on level 3 of the Dungeon)
Magical Staves
 l - a staff of fire
   (You found it on level 2 of the Dungeon)
Jewellery
 D - a ring of see invisible (left hand)
   (You found it on level 5 of the Dungeon)
Wands
 x - a wand of polymorph (5)
   (You took it off a hobgoblin on level 3 of the Dungeon)
 C - a wand of iceblast (7)
   (You found it on level 5 of the Dungeon)
Scrolls
 d - a scroll of magic mapping
 e - a scroll of blinking
 g - a scroll of immolation
 i - 2 scrolls of teleportation
 j - 5 scrolls of noise {unknown}
 k - 2 scrolls of silence
 m - 2 scrolls of fog {unknown}
 n - a scroll of enchant weapon
 r - 3 scrolls of fear
 s - 2 scrolls of poison
 B - a scroll of enchant armour
Potions
 f - 3 potions of curing {unknown}
 h - 3 potions of heal wounds {unknown}
 q - a potion of berserk rage {unknown}
 t - 3 potions of degeneration {unknown}
 u - a potion of brilliance {unknown}
 v - 4 potions of haste
 z - a potion of attraction {unknown}
 A - 3 potions of flight {unknown}

Dungeon Overview and Level Annotations

Branches:
Dungeon (7/15)             Temple (0/1) D:5

Shops:
D:1 :   D:7 (?

Annotations:
D:7 Pikel

#+#,,* #.#*,* #.#*,* #∩##,*
#§≈#,* #§≈#,* ******#§##,***
*,,,,,#§#,,,,* *,,,,,#@#,,,,* *
*,,,,,#D#,,,,*** *
*,,,,,...,,,,,,******** *
*,,,,.....,,,*,,,,,,,,* **
*,,,.......,****+****,* ,*
*,,.........*~~~,~~~*,* ,*
*,..........#~,,,,,~*,* ,****
*,,,,,,,,,,,*~,~,~,~*,*
,,,,******,,,,,,,,,,,+,,,~,,,+,*


You could see a steam dragon (catching breath).


Message History

There is an open door here.
There is an open door here.
Drugrobin's ghost turns its malevolent gaze towards you.
Drugrobin's ghost whispers something so quietly that you cannot hear it.
Drugrobin's ghost whispers, "Be very very quiet, I'm hunting Demigods."
A jackal is nearby!
You shoot a sling bullet. The jackal barks!
The sling bullet hits the jackal.
The jackal is moderately wounded.
You shoot a sling bullet.
The sling bullet hits the jackal but does no damage.
The jackal is moderately wounded.
You shoot a sling bullet. The sling bullet hits the jackal!
You kill the jackal!
No reachable target in view!
No reachable target in view!
Found a stone staircase leading up.
There is an open door here.
A kobold comes into view.
It is wielding a +0 short sword and quivering poisoned darts.
The kobold moves out of view.
There is an open door here.
A kobold and a dart slug come into view.
The kobold is wielding a +0 short sword and quivering poisoned darts.
You shoot a sling bullet. The kobold shouts!
The sling bullet hits the kobold.
You kill the kobold!
You shoot a sling bullet. The sling bullet hits the dart slug!
The dart slug is severely wounded.
The dart slug launches a dart at you. The slug dart hits you.
You shoot a sling bullet. The sling bullet hits the dart slug.
You kill the dart slug!
No target in view!
No target in view!
Things that are here:
a +0 short sword; 2 poisoned darts
y - 2 poisoned darts You see here a dart slug corpse.
You see here a dart slug corpse.
You see here a +0 short sword.
There is an open door here.
There is an open door here.
Your hands tingle!
a - the +7 mace "Nec Fogh" (weapon)
{speed, Will++} You open the door.
You hit drugrobin's ghost.
Drugrobin's ghost is moderately damaged.
Drugrobin's ghost closely misses you.
You sock drugrobin's ghost!
Drugrobin's ghost is almost destroyed.
Drugrobin's ghost hits you.
You thump drugrobin's ghost!
You destroy drugrobin's ghost!
There is an open translucent door here.
b - a +1 sling (weapon)
d - 2 scrolls labelled QAXUDUO DUSUYM (gained 1)
A - a purple potion Done exploring.
There is an open translucent door here.
There is a stone staircase leading down here.
You climb downwards.
Found a purple potion and a scroll labelled GEVAUNUNYO.
There is a stone staircase leading up here.
You shoot a sling bullet. The sling bullet hits the adder!
The adder is heavily wounded.
Your hands tingle!
a - the +7 mace "Nec Fogh" (weapon)
{speed, Will++} The adder barely misses you.
You miss the adder.
The adder is heavily wounded.
The adder bites you.
You closely miss the adder.
The adder is heavily wounded.
The adder misses you.
You sock the adder!
You kill the adder!
Your Stealth skill increases to level 2!
No target in view!
No target in view!
b - a +1 sling (weapon)
HP restored.
A - 2 purple potions (gained 1)
You see here an adder corpse.
e - 4 scrolls labelled GEVAUNUNYO (gained 1)
e - 5 scrolls labelled GEVAUNUNYO (gained 1)
Found a chain mail.
Search for what [Enter for "d:", or ? for help]? : Search for what [Enter for ":", or ? for help]? d: An orc comes into view.
It is wielding a +0 club.
The orc shouts!
You shoot a sling bullet. The sling bullet barely misses the orc.
You hear a shout!
An orc comes into view. It is wielding a +0 dagger.
You shoot a sling bullet. The sling bullet hits the orc.
The orc is severely wounded.
You shoot a sling bullet.
The sling bullet closely misses the orc. x2
You hear a shout!
You shoot a sling bullet. The sling bullet hits the orc.
You kill the orc!
An orc comes into view. It is wielding a +0 trident.
You shoot a sling bullet. The sling bullet barely misses the orc.
The sling bullet hits the orc!
You kill the orc!
You shoot a sling bullet. The sling bullet hits the orc.
The orc is lightly wounded.
The orc hits you but does no damage.
You shoot a sling bullet. The sling bullet barely misses the orc.
The orc barely misses you.
You shoot a sling bullet.
The sling bullet hits the orc but does no damage.
The orc is lightly wounded.
The orc hits you with a +0 dagger.
You shoot a sling bullet. The sling bullet hits the orc.
The orc is heavily wounded.
The orc hits you with a +0 dagger. x2
You shoot a sling bullet. The sling bullet hits the orc!
You kill the orc!
No target in view!
You have 96 gold pieces.
Things that are here:
a +0 dagger; a +0 leather armour
Things that are here:
a +0 club; an orc corpse
Things that are here:
a +0 trident; an orc corpse
Found a leather armour.
Found a stone staircase leading down.
There is a stone staircase leading down here.
You see here a +0 leather armour.
Found a robe.
You see here a +0 robe.
A kobold comes into view. It is wielding a +0 short sword.
Found a stone staircase leading down.
You shoot a sling bullet.
The sling bullet hits the kobold but does no damage.
The kobold shouts!
You shoot a sling bullet. The sling bullet hits the kobold.
The kobold is heavily wounded.
You shoot a sling bullet.
The sling bullet closely misses the kobold.
The kobold throws a stone.
The stone closely misses you.
You shoot a sling bullet.
The sling bullet closely misses the kobold.
The kobold hits you but does no damage.
You shoot a sling bullet.
The sling bullet barely misses the kobold.
The kobold barely misses you.
You shoot a sling bullet.
The sling bullet barely misses the kobold.
The kobold hits you with a +0 short sword.
You shoot a sling bullet. The sling bullet hits the kobold.
You kill the kobold!
No target in view!
Found a stone staircase leading up.
e - 6 scrolls labelled GEVAUNUNYO (gained 1)
A quokka comes into view.
You shoot a sling bullet. The sling bullet hits the quokka.
The quokka is almost dead.
No target in view!
No target in view!
You shoot a sling bullet.
The sling bullet barely misses the quokka.
Your hands tingle!
a - the +7 mace "Nec Fogh" (weapon)
{speed, Will++} The quokka bites you.
You hit the quokka.
You kill the quokka!
b - a +1 sling (weapon)
v - 4 white potions (gained 2)
j - 4 scrolls labelled QICELA KIERPHOI (gained 1)
Found a stone staircase leading up.
Found a stone staircase leading down.
There is a stone staircase leading down here.
You now have 104 gold pieces (gained 8).
A kobold comes into view.
It is wielding a +0 short sword and quivering poisoned darts.
Your hands tingle!
a - the +7 mace "Nec Fogh" (weapon)
{speed, Will++} The kobold shouts!
The kobold closely misses you.
You sock the kobold!
You kill the kobold!
No target in view!
b - a +1 sling (weapon)
y - 5 poisoned darts (gained 3)
You see here a +0 short sword.
There is a stone staircase leading down here.
h - 3 red potions (gained 1)
There is a stone staircase leading up here.
v - 5 white potions (gained 1)
An ogre comes into view. It is wielding a +0 giant club.
Casting: Slow (safe; 9% risk of failure)
Confirm with . or Enter, or press ? or * to list all spells.
Aiming: Slow (safe; 9% risk of failure)
Press: ? - help, Shift-Dir - straight line, f - ogre
Aim: an ogre, wielding a +0 giant club (chance to affect: 41%)
You miscast Slow.
You are very lightly contaminated with residual magic.
Nothing appears to happen.
Your magical contamination has completely faded away.
There is a stone staircase leading up here.
You climb upwards.
There is a stone staircase leading down here.
There is a stone staircase leading down here.
You climb downwards.
There is a stone staircase leading up here.
Your hands tingle!
a - the +7 mace "Nec Fogh" (weapon)
{speed, Will++}
There is a stone staircase leading up here.
B - a scroll labelled AGOEBOUCONE An endoplasm comes into view.
b - a +1 sling (weapon)
You shoot a sling bullet. The sling bullet hits the endoplasm.
You kill the endoplasm!
No target in view!
No target in view!
No target in view!
m - 2 scrolls labelled KAT ZI JUZ WAU (gained 1)
The ogre shouts!
Your hands tingle!
a - the +7 mace "Nec Fogh" (weapon)
{speed, Will++} Throw: 5 darts (poison)
Press: ? - help, Q - select action, (/) - cycle Shift-Dir - straight line, f - ogre
Aim: an ogre, wielding a +0 giant club (75% to hit)
You throw a poisoned dart. The poisoned dart hits the ogre.
The ogre is poisoned.
Throw: 4 darts (poison)
Press: ? - help, Q - select action, (/) - cycle Shift-Dir - straight line, f/p - ogre
Aim: an ogre, wielding a +0 giant club (lightly wounded, poisoned, 75% to hit)
You throw a poisoned dart. The poisoned dart hits the ogre.
The ogre looks even sicker.
The ogre is lightly wounded.
Throw: 3 darts (poison)
Press: ? - help, Q - select action, (/) - cycle Shift-Dir - straight line, f/p - ogre
Aim: an ogre, wielding a +0 giant club (severely wounded, poisoned, 75% to hit)
You throw a poisoned dart. The poisoned dart hits the ogre.
The ogre looks even sicker.
The ogre is severely wounded.
You hit the ogre.
The ogre is almost dead.
The ogre barely misses you.
You thump the ogre!
You kill the ogre!
Your Ranged Weapons skill increases to level 4!
Your Dodging skill increases to level 3!
You have reached level 5!
You see here a +0 giant club.
y - 3 poisoned darts (gained 1)
y - 4 poisoned darts (gained 1)
y - 5 poisoned darts (gained 1) Done exploring.
b - a +1 sling (weapon)
Done exploring.
There is a stone staircase leading up here.
There is a stone staircase leading down here.
You climb downwards.
There is a stone staircase leading up here.
Found a ring mail.
Found a stone staircase leading up.
C - a wand of iceblast (7)
Found a stone staircase leading down.
f - 2 amethyst potions (gained 1)
Found a stone staircase leading down.
There is a stone staircase leading down here.
A scorpion comes into view.
You shoot a sling bullet. The sling bullet hits the scorpion.
The scorpion is lightly wounded.
You shoot a sling bullet. The sling bullet hits the scorpion.
The scorpion is moderately wounded.
The scorpion stings you but does no damage.
Your hands tingle!
a - the +7 mace "Nec Fogh" (weapon)
{speed, Will++} You hit the scorpion.
The scorpion is heavily wounded.
The scorpion misses you. The scorpion stings you.
You sock the scorpion!
The scorpion is almost dead.
The scorpion stings you.
You sock the scorpion!
You kill the scorpion!
b - a +1 sling (weapon)
A white imp comes into view.
You shoot a sling bullet.
The white imp shouts, "Crawl home, thou baffled tickle-brained nobody!"
The sling bullet hits the white imp.
The white imp is moderately wounded.
You shoot a sling bullet.
The sling bullet closely misses the white imp.
You shoot a sling bullet.
The sling bullet barely misses the white imp.
You shoot a sling bullet. The sling bullet hits the white imp.
The white imp is severely wounded.
The white imp gestures at you. The puff of frost hits you.
You shoot a sling bullet. The sling bullet hits the white imp.
The white imp is almost dead.
The white imp shouts, "Slither home, thou feckless kobold-kissing foot-licker!"
You shoot a sling bullet. The sling bullet hits the white imp.
You kill the white imp!
No target in view!
HP restored.
You see here a scorpion corpse.
An iguana comes into view.
Found an escape hatch in the floor.
You shoot a sling bullet. The sling bullet hits the iguana!
The iguana hisses angrily.
The iguana is severely wounded.
You shoot a sling bullet.
The sling bullet barely misses the iguana.
You shoot a sling bullet.
The sling bullet closely misses the iguana.
Your hands tingle!
a - the +7 mace "Nec Fogh" (weapon)
{speed, Will++} The iguana completely misses you.
You sock the iguana!
You kill the iguana!
No target in view!
b - a +1 sling (weapon)
Found a stone staircase leading up.
Found a mace.
Found a staircase to the Ecumenical Temple.
A quokka comes into view.
The quokka moves out of view.
You shoot a sling bullet.
The sling bullet barely misses the quokka.
You shoot a sling bullet.
The sling bullet closely misses the quokka.
The quokka bites you.
Your hands tingle!
a - the +7 mace "Nec Fogh" (weapon)
{speed, Will++} You hit the quokka.
The quokka is almost dead.
The quokka bites you but does no damage.
You completely miss the quokka.
The quokka is almost dead.
The quokka bites you but does no damage.
You closely miss the quokka.
The quokka is almost dead.
The quokka barely misses you.
You closely miss the quokka.
The quokka is almost dead.
The quokka closely misses you. The quokka bites you.
You hit the quokka.
You kill the quokka!
b - a +1 sling (weapon)
You see here a quokka corpse.
A hound comes into view.
You shoot a sling bullet. The sling bullet hits the hound.
The hound barks!
The hound is lightly wounded.
A black bear comes into view.
You shoot a sling bullet.
The sling bullet closely misses the hound.
The black bear growls angrily.
You hear a shout!
The hound bites you.
There is a stone staircase leading up here.
The hound misses you. The hound bites you.
You climb upwards.
There is a stone staircase leading down here.
Your hands tingle!
a - the +7 mace "Nec Fogh" (weapon)
{speed, Will++} You hit the hound.
The hound is heavily wounded.
The hound barely misses you. The hound misses you.
You sock the hound!
The hound is almost dead.
The hound bites you.
You hit the hound but do no damage.
The hound is almost dead.
The hound bites you.
You hit the hound.
You kill the hound!
You have reached level 6!
Your experience leads to a dramatic increase in your attributes!
Increase (S)trength, (I)ntelligence, or (D)exterity?
You feel agile. x4
b - a +1 sling (weapon)
You see here a +0 leather armour.
There is a stone staircase leading down here.
You start resting.
HP restored.
You climb downwards.
There is a stone staircase leading up here.
A phantom comes into view.
You shoot a sling bullet. The sling bullet hits the phantom!
The phantom is moderately damaged.
You shoot a sling bullet.
The sling bullet closely misses the phantom.
You shoot a sling bullet.
The sling bullet completely misses the phantom.
You shoot a sling bullet. The sling bullet hits the phantom.
The phantom is moderately damaged.
The phantom hits you.
Your hands tingle!
a - the +7 mace "Nec Fogh" (weapon)
{speed, Will++} You closely miss the phantom.
The phantom is moderately damaged.
The phantom hits you but does no damage.
You completely miss the phantom.
The phantom is moderately damaged.
The phantom closely misses you.
You thump the phantom!
The phantom is heavily damaged.
The phantom hits you.
You hit the phantom.
The phantom is severely damaged.
The phantom closely misses you.
You hit the phantom.
The phantom is severely damaged.
The phantom misses you.
You sock the phantom!
You destroy the phantom!
Your Stealth skill increases to level 3!
No target in view!
b - a +1 sling (weapon)
HP restored.
A jelly comes into view.
You shoot a sling bullet. The sling bullet hits the jelly.
The jelly quivers.
The jelly is moderately wounded.
You shoot a sling bullet. The sling bullet hits the jelly.
The jelly is heavily wounded.
The jelly jiggles.
You shoot a sling bullet.
The sling bullet hits the jelly but does no damage.
The jelly is heavily wounded.
You shoot a sling bullet. The sling bullet hits the jelly.
The jelly is almost dead.
The jelly hits you.
You are splashed with acid!
Your hands tingle!
a - the +7 mace "Nec Fogh" (weapon)
{speed, Will++} You sock the jelly!
You kill the jelly!
b - a +1 sling (weapon)
An ufetubus comes into view.
You shoot a sling bullet. The ufetubus shouts!
The sling bullet hits the ufetubus.
The ufetubus is lightly wounded.
Your hands tingle!
a - the +7 mace "Nec Fogh" (weapon)
{speed, Will++} The ufetubus closely misses you.
The ufetubus hits you.
You hit the ufetubus.
The ufetubus is severely wounded.
The ufetubus completely misses you. The ufetubus closely misses you.
You thump the ufetubus!
You kill the ufetubus!
b - a +1 sling (weapon)
A jelly comes into view.
You shoot a sling bullet.
The sling bullet barely misses the jelly.
The jelly jiggles.
The jelly hits you but does no damage.
Your hands tingle!
a - the +7 mace "Nec Fogh" (weapon)
{speed, Will++} You sock the jelly!
Your hands burn!
The jelly is heavily wounded.
The jelly hits you but does no damage.
You sock the jelly!
Your hands burn!
The jelly is almost dead.
The jelly hits you. The acid corrodes you!
You are splashed with acid!
You sock the jelly!
You kill the jelly!
b - a +1 sling (weapon)
You are no longer corroded.
An ufetubus comes into view.
You shoot a sling bullet. The ufetubus shouts!
The sling bullet hits the ufetubus.
The ufetubus is heavily wounded.
Your hands tingle!
a - the +7 mace "Nec Fogh" (weapon)
{speed, Will++} The ufetubus hits you.
The ufetubus misses you.
You closely miss the ufetubus.
The ufetubus is heavily wounded.
The ufetubus barely misses you. The ufetubus hits you.
You closely miss the ufetubus.
The ufetubus is heavily wounded.
The ufetubus misses you. The ufetubus barely misses you. x2
The ufetubus hits you but does no damage.
You sock the ufetubus!
You kill the ufetubus!
Your Ranged Weapons skill increases to level 5!
No target in view!
b - a +1 sling (weapon)
D - a ring of see invisible
There are no items here.
D - a ring of see invisible (left hand)
Found a spear.
You see here a +0 spear.
You now have 117 gold pieces (gained 13).
There is a stone staircase leading down here.
A black bear is nearby!
You shoot a sling bullet.
The sling bullet barely misses the black bear.
The black bear growls angrily.
You shoot a sling bullet. The sling bullet hits the black bear.
The black bear is lightly wounded.
You shoot a sling bullet. The sling bullet hits the black bear!
The black bear is heavily wounded.
You shoot a sling bullet. The sling bullet hits the black bear.
The black bear is heavily wounded.
Your hands tingle!
a - the +7 mace "Nec Fogh" (weapon)
{speed, Will++} The black bear bites you.
The black bear misses you. The black bear barely misses you.
You hit the black bear but do no damage.
The black bear is heavily wounded.
You hit the black bear.
The black bear is severely wounded.
The black bear misses you. The black bear closely misses you.
The black bear barely misses you.
You hit the black bear.
The black bear is severely wounded.
The black bear goes berserk!
You sock the black bear!
You kill the black bear!
No target in view!
b - a +1 sling (weapon)
You now have 127 gold pieces (gained 10).
You now have 138 gold pieces (gained 11).
Found an escape hatch in the ceiling.
Found 7 stones.
Found a stone staircase leading down.
A black bear and an iguana come into view.
The iguana hisses angrily.
You shoot a sling bullet. The sling bullet hits the iguana!
The iguana is moderately wounded.
You shoot a sling bullet.
The sling bullet hits the iguana but does no damage.
The iguana is moderately wounded.
You shoot a sling bullet.
The sling bullet hits the iguana but does no damage.
The iguana is moderately wounded.
You shoot a sling bullet. The sling bullet hits the iguana!
You kill the iguana!
Your hands tingle!
a - the +7 mace "Nec Fogh" (weapon)
{speed, Will++}
b - a +1 sling (weapon)
A black bear is nearby!
You shoot a sling bullet.
The sling bullet barely misses the black bear.
You shoot a sling bullet.
The sling bullet barely misses the black bear.
You shoot a sling bullet. The sling bullet hits the black bear.
The black bear is lightly wounded.
You shoot a sling bullet.
The sling bullet hits the black bear but does no damage.
The black bear is lightly wounded.
Your hands tingle!
a - the +7 mace "Nec Fogh" (weapon)
{speed, Will++} You hit the black bear.
The black bear is moderately wounded.
The black bear closely misses you. The black bear claws you. x2
You thump the black bear! Your punch misses the black bear.
The black bear is severely wounded.
The black bear bites you.
The black bear claws you but does no damage. x2
You hit the black bear.
The black bear is almost dead.
The black bear bites you.
The black bear claws you but does no damage. x2
You completely miss the black bear.
The black bear is almost dead.
The black bear goes berserk!
You barely miss the black bear.
The black bear is almost dead.
The black bear bites you. The black bear completely misses you.
The black bear claws you.
You barely miss the black bear.
The black bear is severely wounded.
The black bear bites you! The black bear claws you.
* * * LOW HITPOINT WARNING * * *
The black bear claws you but does no damage.
You are too injured to fight recklessly!
You hit the black bear but do no damage.
The black bear is severely wounded.
The black bear bites you.
* * * LOW HITPOINT WARNING * * *
The black bear claws you but does no damage.
The black bear claws you.
* * * LOW HITPOINT WARNING * * *
The black bear closely misses you. The black bear barely misses you.
The black bear claws you.
* * * LOW HITPOINT WARNING * * *
You hit the black bear.
The black bear is almost dead.
The black bear bites you.
* * * LOW HITPOINT WARNING * * *
The black bear claws you but does no damage.
The black bear closely misses you.
You sock the black bear!
You kill the black bear!
Your Dodging skill increases to level 4!
You have reached level 7!
You start resting.
HP restored.
b - a +1 sling (weapon)
Done exploring.
Done exploring.
Search for what [Enter for "d:", or ? for help]? d: Unknown command.
There is a stone staircase leading down here.
Unknown command.
You climb downwards.
There is a stone staircase leading up here.
As you read the scroll labelled GEVAUNUNYO, it crumbles to dust.
It is a scroll of identify.
g - a scroll of immolation
As you read the scroll of identify, it crumbles to dust.
n - a scroll of enchant weapon
As you read the scroll of identify, it crumbles to dust.
r - a scroll of fear
As you read the scroll of identify, it crumbles to dust.
B - a scroll of enchant armour
As you read the scroll of identify, it crumbles to dust.
d - 2 scrolls of magic mapping
As you read the scroll of identify, it crumbles to dust.
i - 2 scrolls of teleportation
Found a stone staircase leading up.
There is a stone staircase leading up here.
j - 5 scrolls labelled QICELA KIERPHOI (gained 1)
An orc wizard comes into view. It is wielding a +0 dagger.
You shoot a sling bullet.
The sling bullet hits the orc wizard but does no damage.
The orc wizard shouts!
An orc comes into view. It is wielding a +0 whip.
An orc comes into view. It is wielding a +0 club.
You shoot a sling bullet.
The sling bullet hits the orc wizard but does no damage.
You shoot a sling bullet. The sling bullet hits the orc wizard!
The orc wizard is heavily wounded.
You shoot a sling bullet.
The sling bullet completely misses the orc wizard.
The sling bullet hits the orc!
You kill the orc!
The orc wizard hits you with a +0 dagger.
You shoot a sling bullet.
The sling bullet hits the orc wizard but does no damage.
The orc wizard is heavily wounded.
The orc wizard closely misses you.
You shoot a sling bullet.
The sling bullet completely misses the orc wizard.
The orc wizard gestures at you while chanting.
You easily resist.
You shoot a sling bullet.
The sling bullet barely misses the orc wizard.
The orc wizard misses you.
You shoot a sling bullet. The sling bullet hits the orc wizard.
The orc wizard is heavily wounded.
The orc wizard hits you but does no damage.
The orc wizard hits you with a +0 dagger.
You shoot a sling bullet. The sling bullet misses the orc wizard.
The orc wizard gestures at you while chanting.
The magic dart hits you.
You shoot a sling bullet. The sling bullet hits the orc wizard.
The orc wizard is severely wounded.
The orc wizard casts a spell at you. The magic dart hits you.
Your hands tingle!
a - the +7 mace "Nec Fogh" (weapon)
{speed, Will++} You barely miss the orc wizard.
The orc wizard is severely wounded.
The orc wizard hits you but does no damage.
You hit the orc wizard.
The orc wizard is almost dead.
The orc wizard gestures at you while chanting.
The magic dart hits you!
You closely miss the orc wizard.
The orc wizard is almost dead.
The orc wizard hits you but does no damage.
You completely miss the orc wizard.
The orc wizard is almost dead.
The orc wizard hits you with a +0 dagger.
You sock the orc wizard!
You kill the orc wizard!
No target in view!
You start resting.
An orc wizard comes into view. It is wielding a +0 dagger.
b - a +1 sling (weapon)
You shoot a sling bullet. The orc wizard shouts!
The sling bullet hits the orc wizard.
The orc wizard is moderately wounded.
You shoot a sling bullet. The sling bullet hits the orc wizard.
The orc wizard is severely wounded.
The orc wizard casts a spell.
The orc wizard flickers and vanishes for a moment.
The orc wizard gestures at you while chanting.
The puff of flame hits you.
You hear a shout!
You shoot a sling bullet.
The sling bullet barely misses the orc wizard.
You shoot a sling bullet. The sling bullet hits the orc wizard.
You kill the orc wizard!
An orc priest comes into view. It is wielding a +0 hand axe.
You shoot a sling bullet. The sling bullet hits the orc priest.
The orc priest is heavily wounded.
You shoot a sling bullet.
The sling bullet hits the orc priest but does no damage.
The orc priest is heavily wounded.
You shoot a sling bullet.
The sling bullet hits the orc priest but does no damage.
The orc priest is moderately wounded.
You shoot a sling bullet.
The sling bullet barely misses the orc priest.
Your hands tingle!
a - the +7 mace "Nec Fogh" (weapon)
{speed, Will++} The orc priest barely misses you.
You hit the orc priest.
The orc priest is severely wounded.
The orc priest closely misses you.
You closely miss the orc priest.
The orc priest is severely wounded.
The orc priest looks encouraged for a moment.
You hit the orc priest.
The orc priest is almost dead.
The orc priest barely misses you.
You hit the orc priest but do no damage.
The orc priest is almost dead.
You hit the orc priest.
You kill the orc priest!
b - a +1 sling (weapon)
You start resting.
HP restored.
Items here: )) [[ †.
You see here a +0 whip.
Things that are here:
a +0 dagger; a +0 robe
Found a trident.
As you open the door, it creaks loudly!
Found a +0 club.
You now have 149 gold pieces (gained 11).
You shoot a sling bullet.
The sling bullet closely misses the orc.
The orc shouts!
No target in view!
No target in view!
You shoot a sling bullet. The sling bullet hits the orc.
The orc is severely wounded.
You shoot a sling bullet. The sling bullet barely misses the orc.
You shoot a sling bullet. The sling bullet hits the orc.
The orc is severely wounded.
The orc hits you but does no damage.
You shoot a sling bullet. The sling bullet hits the orc.
You kill the orc!
No target in view!
Things that are here:
a +0 flail; an orc corpse
Found a stone staircase leading down.
You see here a +0 club.
Found 6 stones.
Found a mace.
r - 2 scrolls of fear (gained 1)
You open the door.
There is an open door here.
Found a stone staircase leading down.
Found an escape hatch in the floor.
You now have 164 gold pieces (gained 15).
You open the door.
There is an open door here.
A black bear comes into view.
You shoot a sling bullet. The sling bullet hits the black bear!
The black bear growls angrily.
The black bear is moderately wounded.
You shoot a sling bullet.
The sling bullet barely misses the black bear.
You shoot a sling bullet. The sling bullet hits the black bear.
The black bear is heavily wounded.
Your hands tingle!
a - the +7 mace "Nec Fogh" (weapon)
{speed, Will++} You sock the black bear!
The black bear is almost dead.
The black bear completely misses you. The black bear barely misses you.
The black bear claws you.
You sock the black bear!
You kill the black bear!
Training target 4.0 for Stealth reached!
Your Ranged Weapons skill increases to level 6!
Your Stealth skill increases to level 4!
No target in view!
b - a +1 sling (weapon)
Found a leather armour.
e - a scroll of identify
f - 3 amethyst potions (gained 1)
A howler monkey comes into view.
Found a purple potion.
You shoot a sling bullet.
The sling bullet hits the howler monkey.
The howler monkey howls!
The howler monkey is lightly wounded.
You shoot a sling bullet.
The sling bullet hits the howler monkey.
The howler monkey is moderately wounded.
You shoot a sling bullet.
The sling bullet hits the howler monkey!
The howler monkey is severely wounded.
The howler monkey hoots and howls with incredible vigour!
You shoot a sling bullet.
The sling bullet closely misses the howler monkey.
You shoot a sling bullet.
The sling bullet closely misses the howler monkey.
Your hands tingle!
a - the +7 mace "Nec Fogh" (weapon)
{speed, Will++} The howler monkey hoots and howls with incredible vigour!
You closely miss the howler monkey.
The howler monkey is severely wounded.
The howler monkey hits you but does no damage.
You hit the howler monkey.
The howler monkey is almost dead.
The howler monkey closely misses you.
You hit the howler monkey.
You kill the howler monkey!
Your Fighting skill increases to level 1!
b - a +1 sling (weapon)
A - 3 purple potions (gained 1)
Found a chain mail.
You now have 177 gold pieces (gained 13).
Found a stone staircase leading down.
There is a stone staircase leading down here.
Found a stone staircase leading up.
There is a stone staircase leading up here.
You pick up a book of Fire and begin reading...
You add the spells Foxfire, Fireball and Starburst to your library.
Found an escape hatch in the ceiling.
Okay, then.
There is an escape hatch in the ceiling here.
There is an open door here.
You now have 185 gold pieces (gained 8).
Things that are here:
a +0 dagger; a +0 robe You see here a +0 whip.
Items here: )) [[.
There is a stone staircase leading up here.
You open the door.
There is an open door here.
You now have 199 gold pieces (gained 14).
You now have 206 gold pieces (gained 7).
You now have 212 gold pieces (gained 6).
s - 2 scrolls of poison (gained 1)
Found a sling.
A water moccasin comes into view.
You shoot a sling bullet.
The sling bullet closely misses the water moccasin.
The water moccasin hisses angrily.
You shoot a sling bullet.
The sling bullet closely misses the water moccasin.
You shoot a sling bullet.
The sling bullet closely misses the water moccasin.
Your hands tingle!
a - the +7 mace "Nec Fogh" (weapon)
{speed, Will++} You miss the water moccasin.
The water moccasin bites you.
You hit the water moccasin.
The water moccasin is moderately wounded.
The water moccasin bites you but does no damage.
The water moccasin bites you!
You hit the water moccasin.
The water moccasin is heavily wounded.
The water moccasin completely misses you.
You closely miss the water moccasin.
The water moccasin is heavily wounded.
The water moccasin bites you.
You thump the water moccasin!
The water moccasin is severely wounded.
The water moccasin completely misses you.
You sock the water moccasin!
You kill the water moccasin!
No target in view!
b - a +1 sling (weapon)
An orc comes into view. It is wielding a +0 short sword.
An orc wizard comes into view. It is wielding a +0 dagger.
The orc shouts!
The orc wizard shouts!
You hear a shout!
You shoot a sling bullet. The sling bullet hits the orc!
The orc is almost dead.
An orc priest comes into view. It is wielding a +0 short sword.
The orc priest looks braver for a moment.
You shoot a sling bullet. The sling bullet hits the orc.
You kill the orc!
You shoot a sling bullet.
The sling bullet barely misses the orc wizard.
The sling bullet hits the orc priest.
The orc priest is moderately wounded.
Your hands tingle!
a - the +7 mace "Nec Fogh" (weapon)
{speed, Will++} You hit the orc wizard.
The orc wizard is lightly wounded.
The teleport trap disappears.
The orc wizard disappears!
The orc priest closely misses you.
You sock the orc priest!
The orc priest is almost dead.
The orc priest hits you with a +0 short sword.
You hit the orc priest.
You kill the orc priest!
Items here: )) [ ††.
b - a +1 sling (weapon)
r - 3 scrolls of fear (gained 1)
t - 3 glowing puce potions (gained 1)
You see here a +0 sling.
You see here a water moccasin corpse.
There is an open door here.
There is a stone staircase leading up here.
Items here: )) [[.
You see here a +0 whip.
Things that are here:
a +0 dagger; a +0 robe You see here a +0 leather armour.
Done exploring.
There is a stone staircase leading down here.
Unknown command.
Okay, then.
Unknown command.
As you read the scroll of identify, it crumbles to dust.
k - 2 scrolls of silence You climb downwards.
You hear the roar of battle.
There is an entrance to a bailey on this level.
Hurry and find it before the portal closes forever!
There is a stone staircase leading up here.
Okay, then.
You open the door.
Found Yhiruul's Weapon Emporium.
There is an open door here.
There is an entrance to Yhiruul's Weapon Emporium here.
As you open the door, it creaks loudly!
A lemure comes into view.
You hear a shout! x2; The lemure shouts!
You hear a shout!
An ogre opens the door.
A lemure comes into view.
An iguana comes into view.
Pikel, Merchant of Souls comes into view.
He is wielding a +2 whip of flaming.
The iguana hisses angrily.
A lemure comes into view.
Found 11 gold pieces and 2 white potions.
A lemure comes into view.
There is an open door here.
The ogre attacks as you move away! The ogre hits you with a +0 giant club!
There is a stone staircase leading up here.
You climb upwards.
There is a stone staircase leading down here.
HP restored.
You see here 6 stones.
There is a stone staircase leading down here.
You climb downwards.
You hear the roar of battle.
There is an entrance to a bailey on this level.
Hurry and find it before the portal closes forever!
Level annotation: Pikel You hear the faint creaking of a distant portcullis.
Found Lecu's Magic Scroll Emporium.
There is a stone staircase leading up here.
As you read the scroll of magic mapping, it crumbles to dust.
You feel aware of your surroundings.
You sensed 2 altars, and 1 shop/portal.
Unknown command.
Unknown command.
Press: ? - help, v - describe, . - travel Lecu's Magic Scroll Emporium.
Unknown command.
You have 212 gold pieces.
There is an entrance to Lecu's Magic Scroll Emporium here.
e - a scroll of blinking Thank you for shopping at Lecu's Magic Scroll Emporium!
There is a stone staircase leading up here.
You open the door.
A steam dragon comes into view.
Your hands tingle!
a - the +7 mace "Nec Fogh" (weapon)
{speed, Will++} You thump the steam dragon!
The steam dragon is moderately wounded.
The steam dragon bites you. The steam dragon claws you.
You hit the steam dragon.
The steam dragon is moderately wounded.
The steam dragon breathes steam at you. The ball of steam hits you!
You hear a bark!
You hit the steam dragon.
The steam dragon is heavily wounded.
You are engulfed in a cloud of scalding steam.
You hit the steam dragon but do no damage.
The steam dragon is heavily wounded.
You are engulfed in a cloud of scalding steam.
The steam dragon barely misses you. The steam dragon closely misses you.
You hit the steam dragon.
The steam dragon is severely wounded.
You are engulfed in a cloud of scalding steam.
The steam dragon bites you but does no damage.
The steam dragon barely misses you.
You closely miss the steam dragon.
The steam dragon is severely wounded.
You are engulfed in a cloud of scalding steam.
The steam dragon breathes steam at you. The ball of steam hits you!
* * * LOW HITPOINT WARNING * * *
You hear a bark!
You closely miss the steam dragon.
The steam dragon is severely wounded.
You are engulfed in a cloud of scalding steam.
* * * LOW HITPOINT WARNING * * *
The steam dragon breathes steam at you. The ball of steam misses you.
It was a potion of haste.
You feel yourself speed up.
You are engulfed in a cloud of scalding steam.
You die...

Skill      XL: |  1  2  3  4  5  6  7 |
---------------+----------------------+-----
Ranged Weapons | 2 3 4 5 6 |  6.3
Dodging        | 2 3 4 |  4.5
Stealth        | 1 2 3 4 |  4.0
Fighting       | 1 |  1.5
Spellcasting   | |  1.0
Hexes          | |  2.6

Action                     |  1- 3 |  4- 6 |  7- 9 || total
---------------------------+-------+-------+-------++-------
  Melee: Unarmed           |     1 |       |       ||     1
         Mace              |       |    65 |    31 ||    96
         Punch             |       |     1 |       ||     1
   Fire: Sling             |   129 |    99 |    37 ||   265
  Throw: Dart              |       |     3 |       ||     3
    Use: Scroll            |       |       |     8 ||     8
         Potion            |       |       |     1 ||     1
 Armour: Robe              |    16 |    27 |     7 ||    50
         Skin              |     2 |       |       ||     2
  Dodge: Dodged            |    57 |    62 |    15 ||   134

Levels and vault maps discovered:
D:1:      nzn_arrival_depleted_hourglass, layout_basic, serial_shops,
          nicolae_square_shop, minmay_strange_pillars
D:2:      layout_rooms
D:3:      layout_basic, hellmonk_ghost_happy_afterlife
D:4:      layout_basic
D:5:      layout_rooms, minmay_temple_entry_trees, st_stairs_4
D:6:      layout_basic
D:7:      layout_basic, amethyst_overflow_temple_binary, serial_shops,
          nicolae_shop_hallway_stairs, nicolae_shop_behind_doors,
          enter_bailey_8, kennysheep_generic_room_10, uniq_pikel

Notes
Turn   | Place    | Note
-------+----------+-------------------------------------------
     0 | D:1      | scionoferis the Demigod Hexslinger began the quest for the
                  | Orb.
     0 | D:1      | Reached XP level 1. HP: 15/15 MP: 4/4
   142 | D:1      | Reached skill level 2 in Ranged Weapons
   179 | D:1      | Reached skill level 2 in Dodging
   210 | D:1      | Reached XP level 2. HP: 22/22 MP: 5/5
   332 | D:1      | Found Xoenasch's Book Boutique.
   595 | D:1      | Reached skill level 1 in Stealth
   914 | D:2      | Reached XP level 3. HP: 26/27 MP: 6/6
  1297 | D:3      | Reached skill level 3 in Ranged Weapons
  1399 | D:3      | Identified the +7 mace "Nec Fogh" {speed, Will++}
  1427 | D:3      | Reached XP level 4. HP: 34/34 MP: 8/8
  1480 | D:3      | Noticed drugrobin's ghost (weakling DgDe)
  1487 | D:3      | Found a runed translucent door.
  1998 | D:3      | Killed drugrobin's ghost
  2030 | D:4      | Reached skill level 2 in Stealth
  2777 | D:4      | Noticed an ogre
  2972 | D:4      | Killed an ogre
  2973 | D:4      | Reached skill level 4 in Ranged Weapons
  2973 | D:4      | Reached skill level 3 in Dodging
  2973 | D:4      | Reached XP level 5. HP: 39/39 MP: 9/9
  3059 | D:5      | Entered Level 5 of the Dungeon
  3194 | D:5      | Found a staircase to the Ecumenical Temple.
  3234 | D:5      | Noticed a black bear
  3244 | D:4      | Reached XP level 6. HP: 38/46 MP: 10/10
  3322 | D:5      | Reached skill level 3 in Stealth
  3493 | D:5      | Reached skill level 5 in Ranged Weapons
  3779 | D:5      | HP: 4/46 [black bear (4)]
  3780 | D:5      | HP: 1/46 [black bear (3)]
  3782 | D:5      | Reached skill level 4 in Dodging
  3782 | D:5      | Reached XP level 7. HP: 1/51 MP: 11/11
  4398 | D:6      | Reached skill level 6 in Ranged Weapons
  4398 | D:6      | Reached skill level 4 in Stealth
  4440 | D:6      | Reached skill level 1 in Fighting
  5210 | D:7      | Found Yhiruul's Weapon Emporium.
  5213 | D:7      | Noticed Pikel
  5266 | D:7      | Found Lecu's Magic Scroll Emporium.
  5271 | D:7      | Bought a scroll of blinking for 120 gold pieces
  5276 | D:7      | Noticed a steam dragon
  5284 | D:7      | HP: 5/52 [steam dragon] (3)]
  5285 | D:7      | Engulfed by a steam dragon's steam

Vanquished Creatures
  A water moccasin (D:6)
  3 black bears (D:5 D:6)
  An ogre (D:4)
  A phantom (D:5)
  A scorpion (D:5)
  A howler monkey (D:6)
  A hound (D:4)
  2 jellies (D:5)
  2 orc priests (D:6)
  2 iguanas (D:5)
  2 orc wizards (D:6)
  7 adders (D:2 D:3 D:4)
  A white imp (D:5)
  2 ufetubi (D:5)
  The ghost of drugrobin the Sneak, a weakling DgDe (D:3)
  A dart slug (D:3)
  6 orcs (D:4 D:6)
  4 ball pythons (D:1 D:2)
  5 endoplasms (D:1 D:3 D:4)
  2 goblins (D:1 D:3)
  3 hobgoblins (D:1 D:3)
  9 jackals (D:1 D:3)
  5 kobolds (D:3 D:4)
  7 quokkas (D:1 D:2 D:4 D:5)
  6 bats (D:1 D:2 D:3)
  6 frilled lizards (D:1 D:2 D:3)
  4 rats (D:1 D:3)
86 creatures vanquished.

Table legend: (Time is in decaauts)
 A = Elapsed time spent in this place.
 B = Non-inter-level travel time spent in this place.
 C = Inter-level travel time spent in this place.
 D = Time resting spent in this place.
 E = Time spent auto-exploring this place.
 F = Levels seen in this place.
 G = Mean time per level.
                   A        B        C        D        E       F      G
               +--------+--------+--------+--------+--------+-----+--------+
         Total |   5310 |   5106 |    204 |    295 |   3950 |   7 |  758.6 |
       Dungeon |   5310 |   5106 |    204 |    295 |   3950 |   7 |  758.6 |
               +--------+--------+--------+--------+--------+-----+--------+

Top non-repeatable levels by time:
     D:6: 1245 daAuts
     D:4: 1055 daAuts
     D:3: 905 daAuts
     D:5: 901 daAuts
     D:1: 743 daAuts
     D:2: 430 daAuts
     D:7: 29 daAuts

Table legend:
 A = Non-vault XP
 B = Vault XP
 C = Vault XP percentage of total XP
 D = Non-vault monster count
 E = Vault monster count
 F = Vault count percentage of total count
                 A         B        C        D         E       F
            +---------+---------+-------+---------+---------+-------
      Total |    1316 |     171 |  11.5 |      83 |       3 |   3.5
            +---------+---------+-------+---------+---------+-------
        D:1 |      32 |       0 |   0.0 |      20 |       0 |   0.0
        D:2 |      50 |       0 |   0.0 |      10 |       0 |   0.0
        D:3 |      78 |       4 |   4.9 |      23 |       1 |   4.2
        D:4 |     189 |       0 |   0.0 |      10 |       0 |   0.0
        D:5 |     467 |     167 |  26.3 |      10 |       2 |  16.7
        D:6 |     500 |       0 |   0.0 |      10 |       0 |   0.0
            +---------+---------+-------+---------+---------+-------
